Cogmind - Beta 15 @@@ ROGUE MODE // 2025.07.30 @ 21:12:14 Player: satan5 Result: Destroyed by EF-KHY(R) with Subdweller Machine Gun Performance ------------- Evolutions (0) 0 Regions Visited (3) 600 Robots Destroyed (48) 240 Value Destroyed (1311) 1311 Prototype IDs (11) 220 Alien Tech Used (0) 0 Bonus (8) 8 TOTAL SCORE: 2379 Bonus ------- Follower Combat Kills 30 Friendly Fire -22 Cogmind --------- Core Integrity 0/250 Matter 290/300 Energy 190/200 System Corruption 0% Temperature Cool (0) Movement Treading (240) Ox1 Location -10/Subcaves Parts ------- > --- POWER (1) -------- Subdweller Power Source > --- PROPULSION (2) --- Light Treads Light Treads > --- UTILITY (2) ------ High-capacity Storage Unit Hardened Light Armor Plating > --- WEAPON (2) ------- Heavy EM Pulse Gun Heavy EM Pulse Gun > --- INVENTORY (20) --- Light Ion Engine Light Ion Engine Subdweller Power Source Light Treads Hardened Light Armor Plating Heavy EM Pulse Gun Riot Gun Subdweller Laser Beamcaster Autogun Autogun Autogun Autogun Grenade Launcher Flail Peak State ------------ > --- POWER ------------ Subdweller Power Source > --- PROPULSION ------- Light Treads Light Treads > --- UTILITY ---------- High-capacity Storage Unit Hardened Light Armor Plating > --- WEAPON ----------- Heavy EM Pulse Gun Heavy EM Pulse Gun > --- INVENTORY -------- Light Treads Light Treads Hardened Light Armor Plating Heavy EM Pulse Gun Heavy EM Pulse Gun Heavy EM Pulse Gun Heavy EM Pulse Gun Heavy EM Pulse Gun Riot Gun Beamcaster Autogun Autogun Autogun Autogun Grenade Launcher Flail [Rating: 14] Favorites ----------- Power Light Nuclear Core Engine Light Ion Engine Power Core Light Nuclear Core Propulsion Light Treads Treads Light Treads Utility High-capacity Storage Unit Device Seismic Detector Storage High-capacity Storage Unit Processor Targeting Computer Protection Hardened Light Armor Plating Weapon Autogun Energy Gun Heavy EM Pulse Gun Energy Cannon Beam Cannon Ballistic Gun Autogun Launcher Grenade Launcher Impact Weapon Flail Build | -11 -10 -10 -10 ------- Run | Yrd Mat Min Sub Slots Evolved . | . . . . Power . | . . . . Propulsion . | . . . . Utility . | . . . . Weapon . | . . . . Parts Attached 29 | 7 7 2 13 Power 5 | 1 1 1 2 Engine 4 | 1 . 1 2 Core 1 | . 1 . . Reactor . | . . . . Propulsion 5 | 2 1 . 2 Treads 5 | 2 1 . 2 Leg . | . . . . Wheel . | . . . . Hover . | . . . . Flight . | . . . . Utility 5 | 2 2 . 1 Device 1 | 1 . . . Storage 2 | 1 1 . . Processor 1 | . 1 . . Hackware . | . . . . Protection 1 | . . . 1 Artifact . | . . . . Weapon 14 | 2 3 1 8 Energy Gun 8 | 1 . . 7 Energy Cannon 1 | . 1 . . Ballistic Gun 3 | 1 2 . . Ballistic Cannon . | . . . . Launcher 1 | . . 1 . Special Weapon . | . . . . Impact Weapon 1 | . . . 1 Slashing Weapon . | . . . . Piercing Weapon . | . . . . Special Melee Weapon . | . . . . Unidentified Prototypes . | . . . . Parts Lost 9 | . 2 1 6 Power 2 | . . 1 1 Propulsion 2 | . 1 . 1 Utility 1 | . 1 . . Weapon 4 | . . . 4 Highest Loss Streak 2 | . 1 1 2 To Critical Strikes . | . . . . Average Backups 13 | 1 10 16 16 Power . | . 1 . 1 Propulsion 1 | . . 2 1 Utility 1 | . 1 2 1 Weapon 10 | . 7 11 12 Tool/Special . | . . . . Unused Backups 14 | . 2 . 12 Power 3 | . . . 3 Propulsion 1 | . . . 1 Utility 2 | . 1 . 1 Weapon 8 | . 1 . 7 Tool/Special . | . . . . Average Slot Usage (%) 98 | . 98 99 97 Engine 7 | . 1 11 11 Core 5 | . 12 2 . Treads 27 | . 27 28 28 Storage 14 | . 14 14 14 Processor 11 | . 12 14 7 Protection 2 | . . . 7 Energy Gun 7 | . 1 . 23 Ballistic Gun 17 | . 26 22 3 Launcher 1 | . . 5 . Peak Build Rating 14 | 7 13 13 14 Average Rating 12 | 5 11 11 13 On Entrance 7 | . 7 13 11 Naked Turns . | . . . . Heaviest Build 56 | 13 51 51 56 Greatest Support 40 | 40 40 40 40 Greatest Overweight (x) 2 | . 2 1 1 Average Overweight (x) . | . . 1 1 Largest Inventory Capacity 20 | 8 20 20 20 Average Capacity 18 | 7 17 20 20 Most Carried 18 | 2 14 17 18 Average Carried 13 | 1 10 16 16 Final Capacity 20 | 8 20 20 20 Final Carried 17 | 2 14 17 15 Class Distribution -------------------- 100% | Mutant Dominant Class ---------------- Mutant | -10/Materials Mutant | -10/Mines Mutant | -10/Subcaves Resources | -11 -10 -10 -10 ----------- Run | Yrd Mat Min Sub Matter Collected 1239 | 213 601 153 272 Remotely . | . . . . Salvage Created 1857 | 21 965 266 605 Parts 93 | 2 49 14 28 Haulers Intercepted 2 | . 2 . . Recyclers Shooed 4 | . 4 . . Parts Field Recycled . | . . . . Retrieved Matter . | . . . . Parts Self-Destructed 15 | . . . 15 Prevented 1 | . . . 1 Kills | -11 -10 -10 -10 ------- Run | Yrd Mat Min Sub Combat Hostiles Destroyed 36 | . 12 9 15 Guns 28 | . 12 6 10 AOE 7 | . . 3 4 Classes Destroyed 11 | 1 7 2 1 Worker 1 | . 1 . . Builder 1 | . 1 . . Tunneler 1 | 1 . . . Hauler 2 | . 2 . . Recycler 3 | . 3 . . Operator 1 | . 1 . . Watcher 3 | . 3 . . Swarmer 7 | . . 3 4 Grunt 19 | . 12 5 2 Sentry 1 | . . 1 . Subdweller 9 | . . . 9 Best Kill Streak 5 | 1 5 3 4 Combat Bots Only 5 | . 5 3 4 Max Kills in Single Turn 2 | 1 1 2 2 Gunslinging . | . . . . Exploded 2 | . . 2 1 Melee . | . . . . Uniques/NPCs Destroyed . | . . . . Combat | -11 -10 -10 -10 -------- Run | Yrd Mat Min Sub Hostile Shots Fired 138 | . 51 21 66 Missed 33 | . 9 8 16 Hits 105 | . 42 13 50 Projectile 105 | . 42 13 50 Critical Strikes 2 | . 1 . 1 Damage Taken 1702 | . 559 146 997 Core 266 | . 104 21 141 Absorbed by Shields . | . . . . Core Remaining (%) 100 | 100 . . . Volleys Fired 157 | 3 70 15 69 Largest 2 | 2 2 2 2 Hottest 90 | 70 70 46 90 Shots Fired 305 | 6 135 26 138 Gun 298 | 6 135 22 135 Cannon . | . . . . Launcher 7 | . . 4 3 Special . | . . . . Kinetic 150 | 3 112 22 13 Thermal 26 | 3 23 . . Explosive 7 | . . 4 3 Electromagnetic 122 | . . . 122 Robot Hit Streak 16 | 3 10 12 16 Robot Miss Streak 4 | 1 4 1 3 Penetration Max . | . . . . Secondary Targets 2 | . 1 . 1 Max Gunslinging Chain 1 | . 1 . 1 Shots Hit Robots 176 | 4 90 16 66 Core Hits 78 | 1 39 13 25 Critical Kills . | . . . . Critical Parts Destroyed . | . . . . Critical Strikes 3 | . 3 . . Burn 3 | . 3 . . Melee Attacks 1 | . . . 1 Impact 1 | . . . 1 Slashing . | . . . . Piercing . | . . . . Sneak Attacks . | . . . . Combat Hostiles . | . . . . Follow-up Attacks . | . . . . Damage Inflicted 3079 | 52 1280 572 1175 Guns 2365 | 52 1280 209 824 Cannons . | . . . . Explosions 714 | . . 363 351 Melee . | . . . . Ramming . | . . . . Kinetic 1475 | 15 1078 209 173 Thermal 442 | 37 202 . 203 Explosive 511 | . . 363 148 Electromagnetic 651 | . . . 651 Impact . | . . . . Slashing . | . . . . Piercing . | . . . . Highest Corruption . | . . . . Average Corruption . | . . . . Corruption Purged . | . . . . Corruption Blocked . | . . . . Overload Shots . | . . . . Overflow Damage 40 | . . 7 33 Projectiles . | . . . . Explosions 40 | . . 7 33 Melee . | . . . . Knockbacks . | . . . . Impact . | . . . . Kinetic . | . . . . Secondary . | . . . . Self-Inflicted Damage 63 | . . . 63 Shots 1 | . . . 1 Rammed . | . . . . Targets Rammed . | . . . . Kicked . | . . . . Crushed . | . . . . Highest Temperature 126 | 27 126 50 9 Average Temperature 27 | 14 30 18 2 Received Heat Transfer 561 | . 333 69 159 Siege Activations . | . . . . Martial Activations . | . . . . Shielding Activations . | . . . . Robots Disrupted . | . . . . Combat Hostiles . | . . . . Robots Corrupted 1 | . . . 1 Combat Hostiles 1 | . . . 1 Parts Fried 5 | . . . 5 Impact Corruptions . | . . . . Robots Melted . | . . . . Combat Hostiles . | . . . . Parts Melted 5 | . 4 1 . Heat Transferred 1175 | 111 814 . 250 Parts Sabotaged . | . . . . Parts Stolen . | . . . . Parts Stripped . | . . . . Power Chain Reactions 2 | . . . 2 Alert | -11 -10 -10 -10 ------- Run | Yrd Mat Min Sub Maximum Alert Level . | . . . . Low Security (%) 100 | 100 100 100 . Level 1 . | . . . . Level 2 . | . . . . Level 3 . | . . . . Level 4 . | . . . . Level 5 . | . . . . High Security . | . . . . Max Security . | . . . . Peak Influence 110 | 5 110 90 . Initial . | . . . . Average 15 | . 16 15 . Influence Increases 785 | 5 398 234 148 Destroy 0b10 Robot/C 540 | . 240 180 120 Destroy 0b10 Robot/NC 60 | 5 55 . . Destroy Leader 110 | . 70 30 10 Allied During Kill 3 | . . . 3 Successful Hack 18 | . 18 . . Destroy Structure 24 | . . 24 . Lose Combat Pursuer 30 | . 15 . 15 Influence Decreases 785 | 5 398 234 148 Time Decay 765 | 5 388 234 138 Lost Part 20 | . 10 . 10 Squads Dispatched 2 | . 2 . . Investigation 1 | . 1 . . Extermination . | . . . . Reinforcement 1 | . 1 . . Assault . | . . . . Garrison . | . . . . Intercept . | . . . . Searches Triggered . | . . . . Construction Impeded . | . . . . Haulers Reinforced . | . . . . Active Scanning Responses . | . . . . Cargo Convoy Interrupts . | . . . . Stealth | -11 -10 -10 -10 --------- Run | Yrd Mat Min Sub Distress Signals 1 | . . 1 . Communications Jammed . | . . . . Distress Signals . | . . . . Times Spotted 53 | . 20 15 18 Peak Tracking Total 4 | . 2 4 4 Tactical Retreats 4 | . 1 1 2 Traps | -11 -10 -10 -10 ------- Run | Yrd Mat Min Sub Traps Triggered 6 | . 3 . 3 Indirectly . | . . . . Trap Hack Attempts . | . . . . Triggered . | . . . . Disarmed . | . . . . Reprogrammed . | . . . . Reused . | . . . . Traps Extracted . | . . . . Installed . | . . . . Triggered . | . . . . Machines | -11 -10 -10 -10 ---------- Run | Yrd Mat Min Sub Machines Disabled 1 | . . 1 . Max in Single Turn 1 | . . 1 . Machines Repaired . | . . . . Machines Dismantled . | . . . . Machines Sabotaged . | . . . . Overloaded Fab Kills . | . . . . Hacking | -11 -10 -10 -10 --------- Run | Yrd Mat Min Sub Machines Accessed 10 | . 8 . 2 Terminals 7 | . 7 . . Fabricators . | . . . . Repair Stations . | . . . . Recycling Units 1 | . 1 . . Scanalyzers . | . . . . Garrison Access . | . . . . Total Hacks 36 | . 24 . 12 Successful 21 | . 9 . 12 Failed 14 | . 14 . . Catastrophic 2 | . 2 . . Database Lockouts 1 | . 1 . . Manual 23 | . 23 . . Terminals 21 | . 21 . . Fabricators . | . . . . Repair Stations . | . . . . Recycling Units 3 | . 3 . . Scanalyzers . | . . . . Garrison Access . | . . . . Terminal Hacks 14 | . 2 . 12 Record 11 | . . . 11 Robot Analysis 2 | . 2 . . Proto ID Catalog 1 | . . . 1 Fabricator Hacks . | . . . . Repair Station Hacks . | . . . . Recycling Unit Hacks 1 | . 1 . . Retrieve Components 1 | . 1 . . Scanalyzer . | . . . . Garrison Access Hacks . | . . . . Unauthorized Hacks 6 | . 6 . . Terminals 6 | . 6 . . Botnet 5 | . 5 . . Operators 1 | . 1 . . Fabricators . | . . . . Repair Stations . | . . . . Recycling Units . | . . . . Scanalyzers . | . . . . Garrison Access . | . . . . Data Cores Recovered . | . . . . Used . | . . . . Hacking Detections 8 | . 8 . . Full Trace Events . | . . . . Feedback Events . | . . . . Feedback Blocked . | . . . . Robot Schematics Acquired . | . . . . Robots Built . | . . . . Authchips . | . . . . Time . | . . . . Total Robot Build Rating . | . . . . Part Schematics Acquired . | . . . . Parts Built . | . . . . Authchips . | . . . . Time . | . . . . Total Part Build Rating . | . . . . Parts Repaired . | . . . . Time . | . . . . Parts Recycled . | . . . . Recycled Matter . | . . . . Retrieved Matter . | . . . . Retrieved Components 10 | . 10 . . Parts Scanalyzed . | . . . . Part Schematics Acquired . | . . . . Parts Damaged . | . . . . Bothacking | -11 -10 -10 -10 ------------ Run | Yrd Mat Min Sub Used RIF Installer . | . . . . Robots Hacked . | . . . . Non-combat . | . . . . Combat . | . . . . Robot Hacks Applied . | . . . . Relay Couplers Released . | . . . . Fabnet Peak Effective % . | . . . . Robots Rewired . | . . . . Allies Hacked . | . . . . Hacks Repelled . | . . . . Allies | -11 -10 -10 -10 -------- Run | Yrd Mat Min Sub Total Allies 1 | . . 1 . Largest Group 1 | . . 1 1 Highest-Rated Group 31 | . . 31 31 Highest-Rated Ally 31 | . . 31 31 Total Orders . | . . . . Ally Attacks 10 | . . . 10 Total Damage 187 | . . . 187 Kills 1 | . . . 1 Allies Corrupted . | . . . . Allies Melted . | . . . . Intel | -11 -10 -10 -10 ------- Run | Yrd Mat Min Sub Active Infowar (turns) 142 | 8 134 . . Seismic 142 | 8 134 . . Robot Analysis Total 2 | . 2 . . Derelict Logs Recovered 2 | . . 2 . Drone Launches . | . . . . Drone Recoveries . | . . . . Exploration | -11 -10 -10 -10 ------------- Run | Yrd Mat Min Sub Turns Passed 7090 | 69 2778 2014 2229 Spaces Moved 2795 | 32 1134 821 808 Core 3 | 3 . . . Treads 2792 | 29 1134 821 808 Legs . | . . . . Wheels . | . . . . Hover . | . . . . Flight . | . . . . Fastest Speed 50 | 50 160 240 240 Average Speed 231 | 149 222 240 240 Slowest Speed 320 | 160 320 240 240 Overloaded Moves . | . . . . Propulsion Burnouts . | . . . . Robots Hopped . | . . . . Potential Cave-ins . | . . . . Cave-ins Triggered . | . . . . Exploration Rate (%) 66 | 3 98 101 63 Regions Visited 3 Branch Regions 2 Pre-discovered Areas 2 | . . 2 . Known Exits Taken . | . . . . Unknown Exits Taken 3 | 1 1 1 . Scrap Searched 5 | . . 3 2 Spaces Dug . | . . . . Terrain Destroyed 50 | . . 30 20 Melee . | . . . . Projectile . | . . . . AOE 50 | . . 30 20 Terrain Rammed . | . . . . Walls Destroyed . | . . . . Machines Disabled . | . . . . Actions | -11 -10 -10 -10 --------- Run | Yrd Mat Min Sub Total 3111 | 44 1270 843 954 Wait 75 | . 31 1 43 Move 2792 | 31 1133 820 808 Hop . | . . . . Pick Up 31 | 3 16 4 8 Fast Attach 14 | 6 7 . 1 Attach 9 | 1 1 1 6 Detach . | . . . . Swap 20 | . 4 2 14 Drop 12 | . 8 . 4 Fire 157 | 3 70 15 69 Melee 1 | . . . 1 Ram . | . . . . Kick . | . . . . Crush . | . . . . Escape Stasis . | . . . . Rewire . | . . . . Trap . | . . . . Miscellaneous . | . . . . Route ------- -11/Scrapyard -10/Materials (discovered 5 exits: *Mat x3 / [*Min x2]) -10/Mines (discovered 3 exits: *Mat x2 / *Sub) -10/Subcaves (discovered 2 exits: [*Mat x2]) History --------- Turn | Location | Event 16 | -11/Scrapyard | Discovered new exit (range 16) 70 | -11/Scrapyard | Entered Materials 311 | -10/Materials | Build established: Mutant 458 | -10/Materials | Discovered new exit (range 15) 576 | -10/Materials | Discovered new exit (range 14) 971 | -10/Materials | Discovered new exit (range 12) 1185 | -10/Materials | Discovered new exit (range 13) 1304 | -10/Materials | Central database locked down 1447 | -10/Materials | Discovered new exit (range 16) 2848 | -10/Materials | Entered Mines 2849 | -10/Mines | Assembled infested the area 2893 | -10/Mines | Met a Derelict bent on vengeance 2901 | -10/Mines | Learned location of Storage (-7) 3382 | -10/Mines | Joined a pair of Derelicts in attacking an 0b10 outpost 3573 | -10/Mines | Identified exit to Materials 3739 | -10/Mines | Learned location of Zion (-6) 3950 | -10/Mines | Discovered exit to Materials (range 8) 4096 | -10/Mines | Escorted by a lone wolf Derelict 4850 | -10/Mines | Discovered new exit (range 6) 4862 | -10/Mines | Entered Subcaves 4862 | -10/Subcaves | Accompanied by 1 ally 4863 | -10/Subcaves | Approached by a straggling Scientist 4906 | -10/Subcaves | A swath of the cavern ceiling suddenly collapsed 5114 | -10/Subcaves | Core integrity fell below 50% 5192 | -10/Subcaves | Discovered new exit (range 13) 5631 | -10/Subcaves | Shifting Twisted Machinery released Sub. Monowheel 5635 | -10/Subcaves | Shifting Twisted Machinery released Barrage Gun 5658 | -10/Subcaves | Core integrity fell below 20% 5833 | -10/Subcaves | Visited Clippyterm 5841 | -10/Subcaves | Learned Research security intel 6160 | -10/Subcaves | Shifting Twisted Machinery released Sub. Power Source 6287 | -10/Subcaves | Shifting Twisted Machinery released Sub. Monowheel 6388 | -10/Subcaves | Disturbed a concealed Subdweller 6629 | -10/Subcaves | Discovered new exit (range 16) 6909 | -10/Subcaves | A swath of the cavern ceiling suddenly collapsed 6986 | -10/Subcaves | Visited 4L-MR0's lab 7091 | -10/Subcaves | Destroyed by EF-KHY(R) with Subdweller Machine Gun Last Messages --------------- would've done with it. If we're lucky even some of the others got blasted, too. >>Record "Matter Cannon" I haven't gotten around to building the cannon yet, but they said the idea is to have a cannon with 'ridiculously high matter cost' but a corresondingly ridiculous high damage, and the ability to slot in the best high-capacity matter pods they can find for more efficient transfer while firing. 07001_ 4L-MR0 mumbles: "I'm surprised some of them are even willing to come in here given their fear of my usual visitors." 07082_ Chain reaction triggered in Sub. Power Source. 07082_ T0-RQC(R) destroyed. 07082_ Hvy. EM Pulse Gun destroyed. 07082_ Destroyed Hvy. EM Pulse Gun. 07086_ X1-X18(R) affixes Scrap Shield Fragment to Scrap Shield. Map ----- +----------------------------------------------------+ | ???????????????###??? % #### ## | | ????????????????????## # | | ?????????????????????##### | | ?????????????????####????## ### # ## | | ?????????????????# ##???## #?####### ## | | ?????????????????# #????### ####### ## | | ????????????????## #??????# ## # ## | | ????????????????# #####??# " ###### | | ????????????????# #### "#"#" #????? | | ?????????????????# ###""## #????? | | ????????##?###????### #?#######????? | | ????????#=#""#?????## ## ##??# ???????? | | ????????#"#""#?????# ### ## ##??? #??????? | | ????????# ""#?#####< ## ####???? #??????? | | ????????# X"#?# # ## # ##?#?? ??????? | | ????????# ""#?# ## "#"#? ?????? | | ????????#" "#?# # #;#? ?????? | | ????????#" "#?# #" ### #?? ##????? | | ????????###+##### ## #??? #?????? | | ???????###" ##" # # ##??## ?????? | | ???????#" """ ## # ##????## #?????? | | ???????#" " "" " ## # ##???????####?????? | | ???????#" " " """### # #?????????????????? | | ???????## " ""#### ##?????????????????? | | ????????#########??## ##??????????????????? | | ????????????????????#;@%R ##??????????????????? | | ????????????????????##;;R #??????????????????? | | ?????????????????????;## ##??????????????????? | | ????????????????????? ? #???????????????????? | | ???????????????????? #? #??????????????????? | | ???????????????????? ?# #?????????????????? | | ??????????????????? ? #?????????????????? | | ??????????????????? ?? ##?????????????????? | | ?????????????????? ? ##??????????????????? | | ?????????????????? ? #???????????????????? | | ?????????????????# ?? #???????????????????? | | ?????????????????# ? #???????????????????? | | ?????????????????#?? #???????????????????? | | ???????????????????? ####???????????????????? | | ??????????????????? ???????????????????????? | | ???????????????????? #???????????????????????? | | ??????????????????????????????????????????????? | | ??????????????????????????????????????????????? | | ??????????????????????????????????????????????? | | ??????????????????????????????????????????????? | | ??????????????????????????????????????????????? | | ??????????????????????????????????????????????? | | ??????????????????????????????????????????????? | | ??????????????????????????????????????????????? | | ??????????????????????????????????????????????? | +----------------------------------------------------+ Best States ------------- Heat Dissipation 25 Energy Generation 15 Energy Capacity 200 Matter Stores 300 Matter Capacity 300 Sight Range 16 Terrain Scan Density 10 Armor Coverage 150 Evasion (%) 40 Targeting Accuracy 5 Recoil Reduction 2 Item Schematics ----------------- None Robot Schematics ------------------ None Fabricated ------------ Nothing Repaired ---------- Nothing Alien Tech Used ----------------- None Achievements -------------- None Challenges ------------ None Game ------ Seed SwordFlakTearclaws Manual? 0 Play Time 00:21:23 Cumulative 331.1 hours Start 2025.07.30 @ 20:50:54 End 2025.07.30 @ 21:12:14 Sessions 1 Manual Loads 0 Difficulty Rogue Special Mode None Game No. 157 Rogue 143 Adventurer 14 Explorer 0 Win Type - Total 18 Types 15/0/1/1/0/0/0/0/1/0 Lore% 64 Gallery% 72 Achievement% 68 Wizard Run 0 Options --------- Layout 1 ASCII 0 Keyboard 0 Movement Arrows Keybinds 0 Fullscreen 1 Font 24/Smallcaps Map View 50x35 Zoom Use 0% Tactical HUD 1 Map Filters NONE Filters NONE Steam 1 RUN: d4e99ec8-9cf6-4d6c-b078-19fc653aac02